Unix NetHack Version 3.7.0-101 Work-in-progress - last build Mar 4 2024 02:26:32 (3c4ac04b664b9ee0831c739617f054b5b60dbfd1,branch:master). Game began 2024-03-19 13:13:59, ended 2024-03-20 08:42:40. elenmirie, neutral female gnomish Archeologist ---- --- ---- |..--- ----- --.--- --..| ---- |..[.------------ ---- |...----....| ---- ---...| ---..| -----.##......@a.%..|--..-- |...........| --..| |.....-- |....----.....#------------.--....| --.----.^..--- |...-- |*..^..-- #....*....-#-#---- |...|.*.--- ---..| --...[| |....| |-......--- ##.|....######.#..| ---.--....---....|--....-- ---....----- |.......>.| -#.##.^.# #.....--- ---...........----|...--- |0..........| --...--^..| #..#|...####-.......| |..--....-----------.------...[.......-- -------.-- |.#-###.......-.....| |..................%...)).[............| --|.---|.## #--#-##-.......-- --..<....---.----------------.........-- -----.|....|.# ####---.......---- |..^.........-- ---- --........| |............| --...----.........| ---...........|---- --..| |........-- |............| |............)..*.| ---|-...|.--..--|...---...-- |.........| --........--.| --................-- |.--...----------..........---.---....-- |.......--|.| |............*....| |.....-| |.................| |....-- ---.---.. |.-- |................--- --.....| |.................| --....| -- ---....| |........----......-- |.....- ---...............| |-...| ---..| --....---- ---.....| |......| ---.....--------- |...-- ---- ------ --.|.-- ------.| --.|.-- --..| ----- -- ----- ---- Elenmirie the Field Worker St:14 Dx:10 Co:15 In:12 Wi:17 Ch:9 Neutral Dlvl:3 $:0 HP:0(32) Pw:27(27) AC:5 Xp:5/187 T:4430 Burdened Latest messages: You miss the giant ant. The giant ant bites! The giant ant misses! You miss the giant ant. The giant ant bites! The giant ant bites! Are you sure you want to pray? [yn] (n) y You begin praying to Camaxtli. You are surrounded by a shimmering light. The giant ant starts to attack you, but pulls back. The giant ant starts to attack you, but pulls back. The giant ant starts to attack you, but pulls back. The giant ant starts to attack you, but pulls back. The giant ant starts to attack you, but pulls back. You finish your prayer. You feel that Camaxtli is well-pleased. You feel much better. The giant ant bites! You miss the giant ant. The giant ant bites! The giant ant bites! You miss the giant ant. The giant ant bites! You hit the giant ant. The giant ant bites! You hear some noises in the distance. The giant ant misses! You hit the giant ant. The giant ant bites! The giant ant bites! You miss the giant ant. The giant ant bites! The giant ant just misses! You miss the giant ant. The giant ant bites! The giant ant misses! You hit the giant ant! The giant ant misses! The giant ant bites! You miss the giant ant. The giant ant misses! The giant ant bites! The giant ant misses! The giant ant bites! You die... Do you want your possessions identified? [ynq] (y) y Do you want to see your attributes? [ynq] (y) y Do you want an account of creatures vanquished? [ynaq] (y) y Do you want to see your conduct and achievements? [ynq] (y) y Do you want to see the dungeon overview? [ynq] (y) y Inventory: Weapons M - 5 uncursed +0 darts I - an uncursed +0 dagger a - an uncursed +2 bullwhip y - an uncursed +0 dwarvish mattock (weapon in hands) Armor c - an uncursed +0 fedora (being worn) R - an uncursed +0 orcish helm G - an uncursed +0 dwarvish cloak (being worn) o - an uncursed +0 elven mithril-coat (being worn) Comestibles d - 5 uncursed food rations Rings l - an uncursed ring of poison resistance Wands n - an uncursed wand of create monster (0:13) Tools w - an uncursed bag of holding containing 18 items s - an empty uncursed sack B - an uncursed frost horn (0:4) x - an uncursed blindfold r - a blessed magic lamp e - an uncursed corroded +0 pick-axe (alternate weapon; not wielded) t - an uncursed tinning kit (0:85) Gems/Stones H - an uncursed citrine stone g - an uncursed touchstone Contents of the bag of holding: 142 gold pieces a cursed -1 elven mithril-coat an uncursed +0 leather jacket 2 blessed scrolls of blank paper 4 uncursed scrolls of blank paper 2 uncursed scrolls of enchant weapon a blessed scroll of food detection an uncursed scroll of identify 2 uncursed scrolls of light an uncursed scroll of magic mapping an uncursed scroll of punishment 2 uncursed scrolls of teleportation a blessed potion of booze an uncursed potion of extra healing an uncursed potion of full healing a cursed potion of full healing an uncursed potion of gain energy a cursed potion of invisibility Elenmirie the Archeologist's attributes: Background: You were a Field Worker, a level 5 female gnomish Archeologist. You were neutral, on a mission for Camaxtli who was opposed by Quetzalcoatl (lawful) and Huhetotl (chaotic). You were left-handed. You were in the Gnomish Mines, on level 3. You entered the dungeon 4430 turns ago. You had 187 experience points, 133 more were needed to attain level 6. Basics: You had 0 out of 32 hit points. You had all 27 energy points (spell power). Your armor class was 5. Your wallet was empty, but you had 142 zorkmids stashed away in your pack. Autopickup was on for '$' plus thrown. Final Characteristics: Your strength was 14 (limit:18/50). Your dexterity was 10 (limit:18). Your constitution was 15 (limit:18). Your intelligence was 12 (limit:19). Your wisdom was 17 (limit:18). Your charisma was 9 (limit:18). Final Status: You weren't hungry. You were burdened; movement was slightly slowed. You were wielding a mattock. You had basic skill with pick-axe. Final Attributes: You were piously aligned. Your items were somewhat protected from fire. Your items were somewhat protected from cold. You had automatic searching. You had infravision. You were stealthy. You were guarded. You are dead. Miscellaneous: You never encountered a bones level. Total elapsed playing time was 1 hour, 19 minutes and 41 seconds. Major events: Turn 1: elenmirie the neutral female gnomish Archeologist entered the dungeon 1163: entered the Gnomish Mines 1610: attained the rank of Field Worker (level 3) 3474: reached Mine Town 4430: killed by a giant ant Vanquished creatures: a leprechaun a gnome leader 2 elf zombies a straw golem 2 paper golems 2 floating eyes 6 dwarves a homunculus a kobold shaman 3 rothes 2 giant bats a dwarf zombie an iguana 2 coyotes 4 hobbits 2 manes 3 hobgoblins 3 giant rats 4 cave spiders 3 yellow molds 2 green molds 2 red molds 5 gnomes a garter snake a gnome zombie 4 geckos 8 jackals 2 foxes a kobold 3 goblins 3 sewer rats 8 grid bugs 5 lichens 5 kobold zombies 8 newts 103 creatures vanquished. No species were genocided or became extinct. Voluntary challenges: You were illiterate. You never engraved Elbereth. You never genocided any monsters. You never polymorphed an object. You never changed form. You used no wishes. Achievements: You entered a shop. You entered the Gnomish Mines. You attained the rank of Field Worker. You entered Minetown. The Dungeons of Doom: levels 1 to 6 Level 1: Level 2: A fountain. Stairs down to The Gnomish Mines. Level 3: Level 4: A fountain. Level 5: A fountain. Level 6: The Gnomish Mines: levels 3 to 5 Level 3: <- You were here. Final resting place for you, killed by a giant ant. Level 4: Level 5: Game over: ---------- / \ / REST \ / IN \ / PEACE \ / \ | elenmirie | | 142 Au | | killed by a | | giant ant | | | | | | 2024 | *| * * * | * _________)/\\_//(\/(/\)/\//\/|_)_______ Goodbye elenmirie the Archeologist... You died in The Gnomish Mines on dungeon level 3 with 1136 points, and 142 pieces of gold, after 4430 moves. You were level 5 with a maximum of 32 hit points when you died.